[Event "Late-Titled-Tuesday-Blitz-April-16-2024"]
[Site "Chess.com"]
[Date "2024.04.16"]
[Round "11"]
[White "DonkyDonkyDonkey"]
[Black "Korchmar_Vasiliy"]
[Result "1-0"]
[WhiteElo "2907"]
[BlackElo "2711"]
[TimeControl "180+1"]
[EndTime "16:03:31 PDT"]
[Termination "DonkyDonkyDonkey won by resignation"]

1. e4 c5 2. Nc3 d6 3. f4 Nc6 4. Nf3 e6 5. Bb5 Bd7 6. O-O Nf6 7. d3 Be7 8. Qe1 O-O 9. Bxc6 Bxc6 10. Qg3 d5 11. e5 Nh5 12. Qh3 g6 13. Ng5 Bxg5 14. fxg5 d4 15. Ne4 Bxe4 16. dxe4 Qc7 17. g4 Ng7 18.
Bf4 c4 19. Rf3 Rfd8 20. Qh6 d3 21. Rh3 dxc2 22. Qxh7+ Kf8 23. Qh8+ Ke7 24. Qxg7 Rd1+ 25. Kg2 Rxa1 26. Qf6+ Kd7 27. Qxf7+ Kc6 28. Qxe6+ Kb5 29.
Qd5+ Ka6 30. Ra3+ 1-0

[Event "Late-Titled-Tuesday-Blitz-April-16-2024"]
[Site "Chess.com"]
[Date "2024.04.16"]
[Round "11"]
[White "Zhigalko_Sergei"]
[Black "Revan_2002"]
[Result "1-0"]
[WhiteElo "2919"]
[BlackElo "2751"]
[TimeControl "180+1"]
[EndTime "16:03:34 PDT"]
[Termination "Zhigalko_Sergei won by resignation"]

1. e4 e5 2. Nf3 Nc6 3. Bc4 Bc5 4.
b4 Bxb4 5. c3 Ba5 6. d4 exd4 7.
O-O Nge7 8. Ng5 Ne5 9. Nxf7 Nxf7 10. Bxf7+ Kxf7 11. Qh5+ g6 12. Qxa5 d5 13. cxd4 dxe4 14. Nc3 c6 15. Qe5 Re8 16. Bg5 Qd7 17. Nxe4 Nf5 18.
Qf4 h6 19. Bxh6 Rxe4 20. Qxe4 Nxh6 21. Rfe1 Qc7 22. Qe8+ Kf6 23. Qh8+ Kg5 24. h4+ 1-0

[Event "Late-Titled-Tuesday-Blitz-April-16-2024"]
[Site "Chess.com"]
[Date "2024.04.16"]
[Round "11"]
[White "ContrVersia"]
[Black "jaskol95"]
[Result "1-0"]
[WhiteElo "2834"]
[BlackElo "2549"]
[TimeControl "180+1"]
[EndTime "16:03:43 PDT"]
[Termination "ContrVersia won by resignation"]

1. e4 e6 2. Nf3 d5 3. Nc3 Nf6 4. e5 Nfd7 5. Ne2 c5 6. c3 d4 7. cxd4 cxd4 8. Qa4 Nc6 9. Nexd4 Ndxe5 10. Bb5 Nxf3+ 11.
gxf3 Bd7 12. Nxc6 bxc6 13. Bxc6 Rc8 14. Bxd7+ Qxd7 15. Qxd7+ Kxd7 16. b3 Bb4 17. a3 Be7 18. Bb2 Rb8 19. Bxg7 Rhg8 20. Bc3 Rxb3 21. a4 Bb4 22. Bd4 a5 23. Ke2 Rc8 24. Rhg1 Rc2 25. Be3 Rbb2 26. Rg7 Bxd2 27. Rd1 Ke7 28. Rxd2 Rxd2+ 29. Bxd2 Ra2 30. Rg5 Rxa4 31. Rxa5 Rc4 32. Rh5 Kf6 33.
Rxh7 Kg6 34. Rh3 f5 35. f4 e5 36. fxe5 Re4+ 37. Re3 Rh4 38. e6 Rh8 39. e7 Re8 40. h4 Kh5 41. Bb4 Kg6 42. Rd3 1-0

[Event "Late-Titled-Tuesday-Blitz-April-16-2024"]
[Site "Chess.com"]
[Date "2024.04.16"]
[Round "11"]
[White "Szparu"]
[Black "Zavgorodniy_Sergiy"]
[Result "1-0"]
[WhiteElo "2898"]
[BlackElo "2639"]
[TimeControl "180+1"]
[EndTime "16:03:45 PDT"]
[Termination "Szparu won by checkmate"]

1. e4 c6 2. d4 d5 3. e5 Bf5 4. h4 h5 5. c4 e6 6. Nc3 dxc4 7.
Bxc4 Nd7 8. Nge2 Nb6 9. Bd3 Ne7 10. Bg5 Qd7 11. Ne4 Ned5 12. N2g3 Bg6 13. O-O Nc8 14. Qe2 Be7 15. Rad1 Bxg5 16. Nxg5 Nce7 17. Bxg6 Nxg6 18. N3e4 Ke7 19. Nd6 Raf8 20. g3 f6 21. Nge4 fxe5 22. Qd2 Kd8 23. Qg5+ Nge7 24. dxe5 b6 25. a4 Rf3 26. a5 Kc7 27. axb6+ axb6 28. Ra1 Kb8 29. Ra2 Rhf8 30. Rfa1 Nc7 31. Ra7 Ned5 32. Rb7# 1-0

[Event "Late-Titled-Tuesday-Blitz-April-16-2024"]
[Site "Chess.com"]
[Date "2024.04.16"]
[Round "11"]
[White "Sanan_Sjugirov"]
[Black "ellatambien"]
[Result "1-0"]
[WhiteElo "3003"]
[BlackElo "2717"]
[TimeControl "180+1"]
[EndTime "16:03:49 PDT"]
[Termination "Sanan_Sjugirov won by resignation"]

1. g3 h5 2. Bg2 h4 3. d4 d5 4.
c4 e6 5. Nc3 c6 6. Nf3 h3 7. Bf1 Nf6 8. e3 Ne4 9. Bd3 f5 10. O-O Bd6 11. Ne2 Nd7 12. Nf4 Qf6 13.
Be2 g5 14. Nd3 g4 15. Nd2 b5 16. cxb5 cxb5 17. Nxe4 dxe4 18. Nf4 a6 19. a4 b4 20.
Qb3 Ke7 21. Bd2 a5 22. Rac1 Bb7 23. Bc4 Bxf4 24. exf4 Nb6 25. Bxb4+ axb4 26. Qxb4+ Kf7 27. Qxb6 Rhb8 28. Qc7+ Kg6 29. b3 e3 30. fxe3 Be4 31. Qe5 Qxe5 32. dxe5 Rd8 33. Rfd1 Kf7 34. Rd6 Rxd6 35.
exd6 Rd8 36. Rd1 Kf6 37. Kf2 Bd5 38. Bxd5 Rxd6 39. Bf3 1-0

[Event "Late-Titled-Tuesday-Blitz-April-16-2024"]
[Site "Chess.com"]
[Date "2024.04.16"]
[Round "11"]
[White "chucksterf10"]
[Black "balachess2006"]
[Result "0-1"]
[WhiteElo "2591"]
[BlackElo "2696"]
[TimeControl "180+1"]
[EndTime "16:03:49 PDT"]
[Termination "balachess2006 won by resignation"]

1. b3 c5 2. Bb2 Nc6 3. Nf3 Nf6 4. e3 g6 5. Bxf6 exf6 6. d4 Bg7 7. c3 d6 8. Be2 O-O 9. O-O f5 10. Nbd2 Re8 11. Re1 Qc7 12. Rc1 Be6 13. Nc4 Bxc4 14. Bxc4 Rad8 15. h3 d5 16. Bb5 a6 17. Bf1 Qe7 18.
a4 h5 19. Re2 Bf6 20. Rd2 cxd4 21. Nxd4 Bxd4 22. cxd4 Qf6 23. Rdc2 f4 24. Qf3 Kg7 25. Rc3 fxe3 26. fxe3 Qg5 27. Re1 Nxd4 28. Qf2 Ne6 29.
Rcc1 Qe5 30. Rcd1 Ng5 31. Rd4 Ne6 32. Rd2 Nc5 33. Rb2 Ne4 34. Qf4 Qxb2 0-1

[Event "Late-Titled-Tuesday-Blitz-April-16-2024"]
[Site "Chess.com"]
[Date "2024.04.16"]
[Round "11"]
[White "micke12a"]
[Black "GAO"]
[Result "1-0"]
[WhiteElo "2448"]
[BlackElo "2315"]
[TimeControl "180+1"]
[EndTime "16:03:52 PDT"]
[Termination "micke12a won by resignation"]

1. e4 Na6 2. d4 c6 3. Nf3 d5 4. Nc3 Nc7 5. h3 dxe4 6. Nxe4 Nf6 7. Bd3 Nxe4 8. Bxe4 Nd5 9. c4 Nf6 10. Bc2 e6 11.
O-O Be7 12. Re1 O-O 13. b3 c5 14. Bb2 cxd4 15. Nxd4 Bd7 16. Qf3 Qc7 17. Rad1 Rfd8 18.
g4 Bc6 19. Nxc6 Qxc6 20. Qxc6 bxc6 21. Kg2 a5 22. g5 Nh5 23. Kf3 a4 24. Kg4 g6 25.
Be4 axb3 26. axb3 Rab8 27. Rxd8+ Bxd8 28. Rd1 Be7 29. Be5 Rc8 30. Rd7 Bf8 31. Bc3 Ng7 32. b4 Nf5 33. c5 h5+ 34. Kf3 Be7 35. Bxf5 Bxg5 36. Be4 Kf8 37. Be5 Ke8 38. Ra7 Be7 39. Rc7 Rxc7 40. Bxc7 Kd7 41. Bb6 f5 42. Bc2 e5 43. Bb3 e4+ 44. Kf4 Bh4 45. Bf7 Bg5+ 46.
Kxg5 Ke7 47. Bxg6 1-0

[Event "Late-Titled-Tuesday-Blitz-April-16-2024"]
[Site "Chess.com"]
[Date "2024.04.16"]
[Round "11"]
[White "Sanyura"]
[Black "AradNazari"]
[Result "1-0"]
[WhiteElo "2625"]
[BlackElo "2717"]
[TimeControl "180+1"]
[EndTime "16:03:55 PDT"]
[Termination "Sanyura won by resignation"]

1. e4 c5 2. Nf3 d6 3. d4 cxd4 4.
Nxd4 Nf6 5. Nc3 a6 6. g3 e5 7. Nb3 Be6 8. Bg2 Be7 9. O-O Nc6 10.
Re1 O-O 11. a4 Na5 12. Nd2 Rc8 13. Nf1 Bg4 14. Qd3 Nd7 15. Ne3 Nc5 16. Qd2 Be6 17. b4 Bg5 18. bxa5 Qxa5 19. Ncd5 Qd8 20. Qb4 Nd7 21.
Qxd6 Qa5 22. Qb4 Qxb4 23. Nxb4 a5 24. Nbd5 Nc5 25. h4 Bd8 26. Bb2 f6 27. Red1 Na6 28. Bf1 Nc5 29. f3 Bd7 30. Bb5 Be6 31. Rd2 f5 32. exf5 Bxf5 33. Nxf5 Rxf5 34. Kg2 e4 35. fxe4 Nxe4 36. Bd7 Nxd2 37. Bxf5 Rc5 38. Re1 Kf8 39. Ba3 1-0

[Event "Late-Titled-Tuesday-Blitz-April-16-2024"]
[Site "Chess.com"]
[Date "2024.04.16"]
[Round "11"]
[White "duone"]
[Black "kleber2007"]
[Result "1/2-1/2"]
[WhiteElo "2337"]
[BlackElo "2500"]
[TimeControl "180+1"]
[EndTime "16:03:55 PDT"]
[Termination "Game drawn by agreement"]

1. e4 c5 2. Nf3 d6 3. d4 cxd4 4. Nxd4 Nf6 5. Nc3 a6 6. h3 e6 7. g4 d5 8. Bg2 Bb4 9. exd5 Nxd5 10. Bd2 Nxc3 11. Bxc3 Bxc3+ 12. bxc3 Qc7 13. Qd2 Nd7 14. O-O O-O 15. Rfe1 Nb6 16. Rab1 Nc4 17. Qd3 e5 18. Nf5 Bxf5 19. Qxf5 Rab8 20. Bd5 b5 21. Bxc4 Qxc4 22. Qxe5 Qxa2 23. Ra1 Qxc2 24. Rxa6 g6 25. Rf6 Rbc8 26. Rf3 Qb3 27. Rfe3 Qc4 28. Kg2 Rc5 29. Qf6 Rc6 30. Qg5 Rc5 31. Qf6 Qd5+ 32. Kh2 Rc6 33. Qh4 Qd6+ 34.
Kg2 Qd5+ 35. Kh2 Qd6+ 36. Kg2 Qf6 37. Qxf6 Rxf6 38. Re5 Rc6 39. Rxb5 Rxc3 40. Rbe5 Rc6 41. R1e3 Rf6 1/2-1/2

[Event "Late-Titled-Tuesday-Blitz-April-16-2024"]
[Site "Chess.com"]
[Date "2024.04.16"]
[Round "11"]
[White "SilverCityIndigo"]
[Black "GaiozNigalidze"]
[Result "0-1"]
[WhiteElo "2438"]
[BlackElo "2672"]
[TimeControl "180+1"]
[EndTime "16:03:57 PDT"]
[Termination "GaiozNigalidze won by checkmate"]

1. d4 g6 2. c4 Bg7 3. b3 Nf6 4. Bb2 d6 5. Nf3 O-O 6. Nbd2 a5 7. a3 a4 8. b4 d5 9. e3 c6 10. h3 Bf5 11. g4 Be4 12. g5 Bxf3 13. Qxf3 Ne8 14.
h4 e6 15. h5 Qxg5 16. O-O-O Nd7 17. Bh3 Nd6 18. Rdg1 Qf6 19. Qg3 Nxc4 20. Nxc4 dxc4 21. hxg6 hxg6 22. Qh2 Rfc8 23. Qd6 Nf8 24. Bg4 b5 25. f4 Rd8 26. Qc5 Nd7 27. Qd6 Nb6 28. Qxc6 Nd5 29. f5 c3 30. fxe6 cxb2+ 31. Kb1 Nxe3 32. exf7+ Kf8 33. Qc5+ Qd6 34. Qg5 Qxd4 35. Qxg6 Qd3+ 36. Qxd3 Rxd3 37. Bf3 Rad8 38. Rh7 Rd1+ 39. Rxd1 Rxd1+ 40. Bxd1 Nxd1 41. Rh5 Kxf7 42. Kc2 Ke6 43. Rh1 Ne3+ 44. Kb1 Nc4 45. Rh5 Nxa3+ 46. Ka2 b1=Q+ 47. Kxa3 Qb2# 0-1

[Event "Late-Titled-Tuesday-Blitz-April-16-2024"]
[Site "Chess.com"]
[Date "2024.04.16"]
[Round "11"]
[White "Bkmzzzzz"]
[Black "Tugrik1969"]
[Result "1-0"]
[WhiteElo "2411"]
[BlackElo "2501"]
[TimeControl "180+1"]
[EndTime "16:04:04 PDT"]
[Termination "Bkmzzzzz won by resignation"]

1. e4 c5 2. Nf3 d6 3. d4 cxd4 4. Qxd4 Nc6 5. Bb5 Bd7 6. Qd3 g6 7. Nc3 Bg7 8. Bg5 Nf6 9. O-O-O O-O 10. e5 Bf5 11. Qe2 Nb4 12. exf6 exf6 13. Bf4 Bxc2 14.
Bxd6 Bxd1 15. Rxd1 Qa5 16. Bxf8 Rxf8 17. Kb1 f5 18.
Bc4 Qc5 19. Bb3 h6 20. Rd7 Bxc3 21. bxc3 Qxc3 22. Rxf7 Qd3+ 23. Qxd3 Nxd3 24. Rd7+ 1-0

[Event "Late-Titled-Tuesday-Blitz-April-16-2024"]
[Site "Chess.com"]
[Date "2024.04.16"]
[Round "11"]
[White "ploxoi"]
[Black "simaopdias"]
[Result "1/2-1/2"]
[WhiteElo "2402"]
[BlackElo "2266"]
[TimeControl "180+1"]
[EndTime "16:04:05 PDT"]
[Termination "Game drawn by repetition"]

1. d4 Nf6 2. c4 e6 3. Nf3 b6 4.
g3 Bb7 5. Bg2 c5 6. O-O cxd4 7.
Nxd4 Bxg2 8. Kxg2 Nc6 9. Nc3 Bc5 10. Nf3 O-O 11. Bf4 d5 12. Qd3 dxc4 13. Qxc4 Rc8 14. Qa4 Qe7 15. Rad1 h6 16. Ne4 Nd5 17. Nxc5 Nxf4+ 18. gxf4 bxc5 19. b3 Qf6 20. e3 Rc7 21. Rd6 Rfc8 22. Rfd1 Nb4 23. Ne5 Nd5 24. Qc4 Qe7 25.
Ra6 Qh4 26. Rd2 Qh5 27. Qa4 f6 28. Nd3 Qg4+ 29. Kf1 Qh3+ 30. Kg1 Qg4+ 31. Kf1 Qh3+ 32. Kg1 Qg4+ 33. Kf1 1/2-1/2

[Event "Late-Titled-Tuesday-Blitz-April-16-2024"]
[Site "Chess.com"]
[Date "2024.04.16"]
[Round "11"]
[White "TigrVShlyape"]
[Black "Nimrod_Veinberg"]
[Result "1-0"]
[WhiteElo "2942"]
[BlackElo "2762"]
[TimeControl "180+1"]
[EndTime "16:04:06 PDT"]
[Termination "TigrVShlyape won by resignation"]

1. d4 d5 2. Bf4 Nf6 3. e3 c5 4. c3 Qb6 5. Qb3 Nc6 6. Nd2 e6 7. Ngf3 Qd8 8. a4 Be7 9. h3 O-O 10. Be2 Bd6 11. Bxd6 Qxd6 12. Qa3 b6 13. a5 Bb7 14. O-O Rad8 15. axb6 axb6 16. Qb3 Qc7 17. Bb5 Nd7 18. Rfd1 e5 19. Bxc6 Bxc6 20. Nxe5 Nxe5 21. dxe5 Rfe8 22. f4 f6 23. Nf3 fxe5 24. Nxe5 Rxe5 25. fxe5 Qxe5 26. Qxb6 Qxe3+ 27. Kh1 Rc8 28. Re1 Qg3 29. Re6 Bd7 30. Qd6 1-0

[Event "Late-Titled-Tuesday-Blitz-April-16-2024"]
[Site "Chess.com"]
[Date "2024.04.16"]
[Round "11"]
[White "CarlosjPineror"]
[Black "dretch"]
[Result "0-1"]
[WhiteElo "2704"]
[BlackElo "2911"]
[TimeControl "180+1"]
[EndTime "16:04:10 PDT"]
[Termination "dretch won by resignation"]

1. e4 e6 2. d4 d5 3. e5 c5 4. c3 Bd7 5. Nf3 Nc6 6. a3 Qb6 7. b4 cxd4 8. cxd4 Nge7 9. Nc3 Nf5 10. Na4 Qd8 11. Bb2 Rc8 12. Be2 h5 13. O-O g5 14. Nc5 g4 15. Ne1 Rc7 16. Nc2 Bc8 17. Ne3 g3 18. Nxf5 gxh2+ 19. Kh1 exf5 20. Nd3 Qh4 21. g3 Qd8 22. Bf3 h4 23. Nf4 Ne7 24. Bc1 hxg3 25. fxg3 Bh6 26. Bg2 Bd7 27. Nh5 Bb5 28.
Nf6+ Kf8 29. Bxh6+ Rxh6 30. Qd2 Rg6 31. Rf4 Ng8 32.
Nxd5 Rd7 33. Ne3 Rxg3 34. Nxf5 Rxg2 35. Kxg2 Qg5+ 36. Kxh2 f6 37. Rg1 Rh7+ 0-1

[Event "Late-Titled-Tuesday-Blitz-April-16-2024"]
[Site "Chess.com"]
[Date "2024.04.16"]
[Round "11"]
[White "Sjakkerntobi"]
[Black "Oleg_Papayan"]
[Result "0-1"]
[WhiteElo "2519"]
[BlackElo "2675"]
[TimeControl "180+1"]
[EndTime "16:04:14 PDT"]
[Termination "Oleg_Papayan won by checkmate"]

1. e4 d5 2. exd5 Qxd5 3. Nc3 Qd8 4. Bc4 c6 5. Nf3 Bf5 6. d4 e6 7. Ne5 Nd7 8. Nxf7 Kxf7 9. g4 Bg6 10. h4 h5 11. Ne2 hxg4 12. Bxe6+ Kxe6 13. Nf4+ Kf7 14. Qxg4 Qa5+ 15. Bd2 Qf5 16. Qg3 Qe4+ 17. Be3 Qxh1+ 18. Kd2 Qe4 19. Rg1 Qxc2+ 20. Ke1 Bd3 21. a3 Ngf6 22. Qh3 Re8 23. Rg5 Qc1# 0-1

[Event "Late-Titled-Tuesday-Blitz-April-16-2024"]
[Site "Chess.com"]
[Date "2024.04.16"]
[Round "11"]
[White "Harry_Rakkel"]
[Black "GlavkonVVS"]
[Result "0-1"]
[WhiteElo "2708"]
[BlackElo "2623"]
[TimeControl "180+1"]
[EndTime "16:04:20 PDT"]
[Termination "GlavkonVVS won by checkmate"]

1. e4 Nf6 2. e5 Nd5 3. c4 Nb6 4. d4 d6 5. exd6 cxd6 6. Nc3 g6 7. Be3 Bg7 8. Rc1 O-O 9. b3 f5 10. f4 e5 11. dxe5 dxe5 12. Qxd8 Rxd8 13. c5 exf4 14. Bxf4 Bxc3+ 15. Rxc3 Nd5 16. Bc4 Be6 17. Rd3 Nc6 18. Bd6 Re8 19. Ne2 Ndb4 20. Bxe6+ Rxe6 21. Rd2 Rae8 22. Kf2 Nd3+ 23. Rxd3 Rxe2+ 24. Kg3 Rxa2 25. h4 Re4 26. Kh3 Nd4 27. Rhd1 Ne2 28. g3 f4 29. Bc7 fxg3 30. Rd7 g2 31. Bh2 Re3+ 32. Kg4 g1=Q+ 33. Bxg1 Rg3# 0-1

[Event "Late-Titled-Tuesday-Blitz-April-16-2024"]
[Site "Chess.com"]
[Date "2024.04.16"]
[Round "11"]
[White "mbojan"]
[Black "Fins0905"]
[Result "1-0"]
[WhiteElo "2959"]
[BlackElo "2784"]
[TimeControl "180+1"]
[EndTime "16:04:28 PDT"]
[Termination "mbojan won by resignation"]

1. g3 d5 2. Bg2 c6 3. d3 Nf6 4. Nf3 Bg4 5. O-O Nbd7 6. h3 Bh5 7. Qe1 e5 8. e4 dxe4 9. dxe4 Be7 10. a4 O-O 11.
Nbd2 Re8 12. Nc4 Qc7 13. Nh4 Bf8 14. Nf5 b5 15. Nce3 a6 16. b4 a5 17. axb5 axb4 18. Rxa8 Rxa8 19. bxc6 Qxc6 20. Bb2 Rc8 21. Qa1 Qc5 22.
Rc1 g6 23. g4 gxf5 24. exf5 Bh6 25. Re1 Bxe3 26. Rxe3 Bxg4 27. hxg4 Nxg4 28. Re2 Ndf6 29. Qa6 Qc4 30. Qxc4 Rxc4 31. f3 Nh6 32. Bxe5 Nh5 33. f6 Nf5 34. Rd2 Rc8 35. Bh3 Nxf6 36. Bxf6 1-0

[Event "Late-Titled-Tuesday-Blitz-April-16-2024"]
[Site "Chess.com"]
[Date "2024.04.16"]
[Round "11"]
[White "Lady_Nika"]
[Black "jinxy2009"]
[Result "1-0"]
[WhiteElo "2473"]
[BlackElo "2305"]
[TimeControl "180+1"]
[EndTime "16:04:28 PDT"]
[Termination "Lady_Nika won by resignation"]

1. e4 c5 2. Nf3 Nc6 3. d4 cxd4 4. Nxd4 e5 5. Nb5 d6 6. N1c3 a6 7. Na3 Be7 8. Nd5 Nf6 9. Nxf6+ Bxf6 10. Bd3 O-O 11. O-O b5 12. c3 Be6 13. Be3 Bg5 14. Nc2 Bxe3 15. Nxe3 Ne7 16. Bc2 Rc8 17. Qh5 g6 18.
Qh6 f5 19. exf5 Nxf5 20. Nxf5 Bxf5 21. Bb3+ Kh8 22. Rad1 Qe7 23. Rfe1 Be6 24. Bc2 Bf5 25.
Bxf5 Rxf5 26. f4 Rcf8 27. fxe5 dxe5 28. h3 Qc5+ 29. Kh2 Qf2 30. Rd7 Qf4+ 31. Qxf4 exf4 32.
Ree7 R8f6 33. Rxh7+ Kg8 34. Rdg7+ Kf8 35. Ra7 Kg8 36.
Rhg7+ Kf8 37. Rgb7 Kg8 38. Rb8+ Rf8 39. Rxf8+ Kxf8 40. Rxa6 Kf7 41. Rb6 g5 42. Kg1 Rd5 43. b3 Kg7 44. Kf2 Kf7 45. Ke2 Kg7 46. a4 bxa4 47.
bxa4 Ra5 48. Rb4 Kf6 49. c4 Ra8 50. c5 Ke5 51. c6 Kd6 52. Rc4 Rc8 53. c7 Kd7 54.
Kf3 Kd6 55. Kg4 f3 56. gxf3 Kd7 57. a5 1-0

[Event "Late-Titled-Tuesday-Blitz-April-16-2024"]
[Site "Chess.com"]
[Date "2024.04.16"]
[Round "11"]
[White "ChessSwole"]
[Black "Mops_2004"]
[Result "0-1"]
[WhiteElo "2678"]
[BlackElo "2829"]
[TimeControl "180+1"]
[EndTime "16:04:31 PDT"]
[Termination "Mops_2004 won by resignation"]

1. d4 f5 2. Nf3 Nf6 3. g3 e6 4. Bg2 Be7 5. O-O Ne4 6. Nbd2 Nc6 7. c4 d5 8. b3 a5 9. Bb2 h5 10.
h4 g5 11. Nxe4 fxe4 12. Nxg5 Bxg5 13. hxg5 Qxg5 14. Qc1 Qg4 15. f3 exf3 16. Rxf3 Nxd4 17. Bxd4 Qxd4+ 18. e3 Qe5 19. Qf1 Bd7 20. cxd5 exd5 21. Re1 O-O-O 22. e4 dxe4 23. Rf4 Rhg8 24. Rexe4 Qg5 25.
Re3 h4 26. gxh4 Qc5 27. Qf3 Bc6 28. Qh3+ Kb8 29. Rc4 Rxg2+ 30. Qxg2 Qxe3+ 31. Qf2 Rd1+ 0-1

[Event "Late-Titled-Tuesday-Blitz-April-16-2024"]
[Site "Chess.com"]
[Date "2024.04.16"]
[Round "11"]
[White "FuenfgegenWilly"]
[Black "AlexPapasimakopoulos"]
[Result "0-1"]
[WhiteElo "2476"]
[BlackElo "2651"]
[TimeControl "180+1"]
[EndTime "16:04:32 PDT"]
[Termination "AlexPapasimakopoulos won by checkmate"]

1. d4 Nf6 2. c4 e6 3. Nc3 Bb4 4. e3 O-O 5. Bd2 d5 6. Nf3 c5 7. a3 Bxc3 8. Bxc3 Ne4 9. Rc1 Nxc3 10. Rxc3 cxd4 11. exd4 Nc6 12. c5 Re8 13. Re3 Bd7 14. Bd3 h6 15. O-O b6 16. b4 bxc5 17. bxc5 Qa5 18. Qc2 Rab8 19. h3 Kf8 20. Be2 Kg8 21. Rb1 Rxb1+ 22. Qxb1 Rb8 23. Rb3 Rxb3 24. Qxb3 Qc7 25.
Bb5 f6 26. Bxc6 Bxc6 27. Qe3 Kf7 28. g4 Qb8 29. Kg2 g5 30. h4 Qb1 31. hxg5 hxg5 32.
Nd2 Qc2 33. Nb3 Bb5 34. Qh3 Kg7 35. Qe3 Kf7 36. Qh3 Bd3 37. Na5 Be4+ 38. Kg1 Qc1+ 39. Qf1 Qxa3 40. Nc6 Qf3 41. Kh2 Qxg4 42. Nb4 Qh4+ 43.
Kg1 Qh1# 0-1

[Event "Late-Titled-Tuesday-Blitz-April-16-2024"]
[Site "Chess.com"]
[Date "2024.04.16"]
[Round "11"]
[White "th3d4rkness"]
[Black "Bala-Afiada"]
[Result "1-0"]
[WhiteElo "2130"]
[BlackElo "2025"]
[TimeControl "180+1"]
[EndTime "16:04:35 PDT"]
[Termination "th3d4rkness won on time"]

1. e4 c5 2. Nf3 Nc6 3. Bb5 d6 4. Bxc6+ bxc6 5. O-O e5 6. d3 Bg4 7. h3 Bxf3 8. Qxf3 Nf6 9. Bg5 Be7 10. Bxf6 Bxf6 11. Nd2 O-O 12. Nc4 Rb8 13. b3 Re8 14.
Ne3 g6 15. a4 Bg7 16. Ng4 h5 17. Nh2 Qf6 18. Qg3 d5 19. Rae1 Rb4 20. Qe3 c4 21. exd5 cxb3 22. Qc5 Reb8 23. dxc6 bxc2 24. Qxc2 Rc8 25.
Rc1 Rb6 26. Qa2 Rbxc6 27. Rxc6 Rxc6 28. Nf3 Qd6 29. Qb3 Qc7 30. Ng5 Rc1 31. Ne4 1-0

[Event "Late-Titled-Tuesday-Blitz-April-16-2024"]
[Site "Chess.com"]
[Date "2024.04.16"]
[Round "11"]
[White "Romkachess"]
[Black "MaxLeto"]
[Result "1-0"]
[WhiteElo "2667"]
[BlackElo "2432"]
[TimeControl "180+1"]
[EndTime "16:04:38 PDT"]
[Termination "Romkachess won on time"]

1. e4 c5 2. Nf3 d6 3. d4 cxd4 4. Nxd4 Nf6 5. Nc3 a6 6. h3 e6 7. g4 Nfd7 8. g5 Qc7 9. h4 b5 10.
Bg2 Bb7 11. Be3 Ne5 12. Nce2 Nbd7 13. b3 Rc8 14. Qd2 Ng4 15. Rc1 Nb6 16. c3 Nxe3 17.
Qxe3 d5 18. h5 Ba3 19. Rc2 dxe4 20. g6 hxg6 21. hxg6 Rxh1+ 22. Bxh1 Qe5 23. gxf7+ Kxf7 24. Nf4 Nd5 25. Qxe4 Qxe4+ 26. Bxe4 Nxf4 27. Bxb7 Rc7 28. Bxa6 1-0

[Event "Late-Titled-Tuesday-Blitz-April-16-2024"]
[Site "Chess.com"]
[Date "2024.04.16"]
[Round "11"]
[White "rdarruda"]
[Black "a-z30"]
[Result "1-0"]
[WhiteElo "2541"]
[BlackElo "2379"]
[TimeControl "180+1"]
[EndTime "16:04:40 PDT"]
[Termination "rdarruda won on time"]

1. Nf3 c5 2. c4 Nc6 3. Nc3 g6 4. g3 Bg7 5. Bg2 e5 6. O-O Nge7 7. e3 d6 8. d4 cxd4 9. exd4 Bg4 10. dxe5 dxe5 11.
Qxd8+ Rxd8 12. Be3 Nd4 13. Bxd4 exd4 14. Nb5 O-O 15. h3 Be6 16. b3 Nc6 17. Rad1 Rd7 18. Ng5 Bf5 19. Be4 Bxe4 20. Nxe4 a6 21. Nc5 Re7 22. Nd6 b6 23. Nd3 Rd8 24. c5 bxc5 25. Nc4 Nb4 26. Nxc5 Nxa2 27. Ra1 Nc3 28. Nd3 Re6 29. Ra5 Rb8 30. b4 h5 31. Rfa1 Bf8 32.
Rxa6 Rxa6 33. Rxa6 Bxb4 34. Nce5 Nd5 35. Ra7 Be7 36. Rd7 1-0

[Event "Late-Titled-Tuesday-Blitz-April-16-2024"]
[Site "Chess.com"]
[Date "2024.04.16"]
[Round "11"]
[White "youngdinousaur"]
[Black "hristos03"]
[Result "1-0"]
[WhiteElo "2245"]
[BlackElo "2348"]
[TimeControl "180+1"]
[EndTime "16:04:40 PDT"]
[Termination "youngdinousaur won on time"]

1. d4 Nf6 2. Nf3 e6 3. Bf4 c5 4. e3 Qb6 5. Nc3 a6 6. Na4 Qa5+ 7. c3 cxd4 8. exd4 Nc6 9. b4 Qd8 10. Bd3 Be7 11. O-O d6 12. Re1 O-O 13. Nb2 Bd7 14. a4 Re8 15. a5 Rc8 16. Qd2 d5 17. Na4 Ra8 18. Nc5 Bxc5 19. dxc5 Ne7 20. Ne5 Ng6 21. Bg3 Nxe5 22. Bxe5 Bc6 23. Bc2 Ne4 24. Bxe4 dxe4 25. Rad1 Qxd2 26. Rxd2 Rad8 27. Red1 Rxd2 28. Rxd2 f6 29. Bf4 e5 30. Be3 Kf7 31. c4 Ke7 32. Kf1 Rd8 33. Ke2 Ba4 34. Rxd8 Kxd8 35. Kd2 Kd7 36.
Kc3 Bd1 37. b5 Be2 38. Kb4 h6 39. c6+ bxc6 40. bxa6 Kc7 41. Kc5 f5 42. Bd2 f4 43.
Bc3 Bf1 44. Bxe5+ Kc8 45. Kxc6 1-0

[Event "Late-Titled-Tuesday-Blitz-April-16-2024"]
[Site "Chess.com"]
[Date "2024.04.16"]
[Round "11"]
[White "egnfanclub"]
[Black "XiaoKangZhong"]
[Result "0-1"]
[WhiteElo "2361"]
[BlackElo "2516"]
[TimeControl "180+1"]
[EndTime "16:04:43 PDT"]
[Termination "XiaoKangZhong won by checkmate"]

1. e4 b6 2. Nc3 Bb7 3. d4 e6 4. Bd3 Bb4 5. Ne2 c5 6. a3 Bxc3+ 7. bxc3 d5 8. e5 c4 9. O-O cxd3 10. Qxd3 Ne7 11. Qg3 Nf5 12. Qh3 Ba6 13. Re1 Nc6 14.
Nf4 Qh4 15. Qf3 Rd8 16. g3 Qe7 17. a4 Na5 18. Ba3 Qc7 19. g4 Nh4 20. Qg3 Ng6 21. Bd6 Qc6 22. Nh5 Rg8 23. f4 Rxd6 24. exd6 Qxd6 25.
f5 Qxg3+ 26. hxg3 Nf8 27. Nf4 Kd7 28. fxe6+ fxe6 29. Nd3 Ng6 30. Ne5+ Nxe5 31. Rxe5 Nc4 32. Rh5 Rh8 33. Rf1 Ke7 34. Re1 Nd2 35. Re3 Ne4 36. Kg2 h6 37. Re5 Kd6 38. Kh3 Rf8 39.
Kh4 Rf2 40. Kh5 Rf6 41. g5 hxg5 42. R3xe4 dxe4 43. Rxg5 Be2+ 44. g4 Rh6# 0-1

[Event "Late-Titled-Tuesday-Blitz-April-16-2024"]
[Site "Chess.com"]
[Date "2024.04.16"]
[Round "11"]
[White "Jahonas"]
[Black "2Coaches1Profile"]
[Result "0-1"]
[WhiteElo "2379"]
[BlackElo "2546"]
[TimeControl "180+1"]
[EndTime "16:04:45 PDT"]
[Termination "2Coaches1Profile won by resignation"]

1. d4 Nf6 2. c4 c5 3. dxc5 e6 4. Nc3 Bxc5 5. e3 O-O 6. Nf3 d5 7. Be2 Nc6 8. cxd5 exd5 9. O-O h6 10. a3 a6 11. b4 Ba7 12. Bb2 Be6 13. b5 Na5 14.
bxa6 bxa6 15. Na4 Nc4 16. Bd4 Bb8 17. Bxc4 dxc4 18. Nb6 Ra7 19. Bxf6 Qxf6 20. Qd4 Qe7 21. Rfd1 Rc7 22. Rac1 Ba7 23. Nd5 Bxd5 24. Qxd5 c3 25.
Rc2 Qxa3 26. g3 Rfc8 27. Nd4 Bxd4 28. Qxd4 Qc5 29. Qa4 Qb5 30. Ra1 Qxa4 31. Rxa4 Rb7 32. Ra3 Rb1+ 33. Kg2 Rb2 34. Rcxc3 Rd8 35. Rd3 Rc8 36.
Rdc3 Rd8 37. Rd3 Rxd3 38. Rxd3 a5 39. Rd8+ Kh7 40. Rf8 Kg6 41. h4 a4 42. h5+ Kf6 43. Ra8 Rb4 44. Ra7 Ke6 45. Ra6+ Kd5 46. f3 Kc4 47. g4 Kb3 48. Kg3 a3 49. Rd6 a2 50.
Rd1 Kc2 51. Ra1 Kb2 52. Re1 a1=Q 53. Rxa1 Kxa1 54. f4 Kb2 55. g5 Kc3 56. f5 hxg5 57.
f6 gxf6 0-1

[Event "Late-Titled-Tuesday-Blitz-April-16-2024"]
[Site "Chess.com"]
[Date "2024.04.16"]
[Round "11"]
[White "dianamirza"]
[Black "cedchass2006"]
[Result "0-1"]
[WhiteElo "1970"]
[BlackElo "2404"]
[TimeControl "180+1"]
[EndTime "16:04:45 PDT"]
[Termination "cedchass2006 won by resignation"]

1. d4 Nf6 2. Nf3 Nc6 3. c4 e6 4.
Nc3 d5 5. cxd5 exd5 6. e3 Be7 7.
Bb5 Bd7 8. Bxc6 Bxc6 9. Ne5 Bd7 10. Nxd7 Qxd7 11. O-O c6 12. Re1 O-O 13. e4 Nxe4 14.
Nxe4 dxe4 15. Rxe4 Bf6 16. Be3 Qd5 17. Qf3 Rad8 18. b3 Rd7 19. Rd1 Rfd8 20. Rg4 Qxf3 21. gxf3 g6 22. Re4 Kg7 23. Kf1 h5 24. Ke2 Rd5 25. b4 a5 26. a3 axb4 27. axb4 Ra8 28. f4 Ra2+ 29. Kf3 Rb2 30. Ra1 Rxb4 31. Ra8 Rd8 32.
Rxd8 Bxd8 33. Re8 Bf6 34. Ke4 Rb5 35. Kd3 Rd5 36. f3 Rb5 37. Rd8 Bxd8 0-1